 Dungeon Crawl Stone Soup version 0.28-b1-70-g80dc712255 (webtiles) character file.

Game seed: 11941310265534473591

342 croobank the Chopper (level 6, -3/32 HPs)
             Began as a Vine Stalker Berserker on Feb 4, 2022.
             Was a Priest of Trog.
             Slain by Pikel (4 damage)
             ... on level 4 of the Dungeon.
             The game lasted 00:10:25 (2992 turns).

croobank the Chopper (Vine Stalker Berserker)       Turns: 2992, Time: 00:10:26

Health: -3/32      AC: 10    Str: 21    XL:     6   Next: 57%
Magic:  0/7        EV: 10    Int:  7    God:    Trog [***...]
Gold:   112        SH:  4    Dex: 14    Spells: 5/5 levels left

rFire   . . .      SeeInvis .   a - +0 war axe (elec)
rCold   . . .      Faith    .   k - +0 buckler
rNeg    . . .      Spirit   +   h - +0 scale mail
rPois   .          Reflect  .   (no helmet)
rElec   .          Harm     .   (no cloak)
rCorr   +          Rampage  .   (no gloves)
Will    .....                   (no boots)
Stlth   ..........              (no amulet)
HPRegen 0.90/turn               c - ring of resist corrosion
MPRegen 0.10/turn               j - +4 ring of protection

@: on berserk cooldown, slowed, very slow
A: fangs 2, regeneration 1, magic shield, antimagic bite, no potion heal 2
a: Renounce Religion, Berserk, Trog's Hand


You were on level 4 of the Dungeon.
You worshipped Trog.
Trog was most pleased with you.
You visited 1 branch of the dungeon, and saw 4 of its levels.

You collected 138 gold pieces.
You spent 26 gold pieces at shops.

Inventory:

Hand Weapons
 a - a +0 war axe of electrocution (weapon)
 b - a +0 hunting sling
 f - a +0 short sword
 t - a +0 arbalest
 y - a +0 hand axe
Missiles
 g - 63 stones (quivered)
 p - 26 sling bullets
 v - 34 bolts
 w - 2 boomerangs
 B - 27 arrows
Armour
 h - a +0 scale mail (worn)
 k - a +0 buckler (worn)
 u - a +0 animal skin
 z - a +0 leather armour
Jewellery
 c - a ring of resist corrosion (left hand)
 j - a +4 ring of protection (right hand)
 x - a ring of fire
Scrolls
 d - a scroll of torment
 q - 2 scrolls of enchant weapon {unknown}
Potions
 e - a potion of attraction {unknown}
 i - a potion of heal wounds {unknown}
 m - a potion of brilliance
 o - 2 potions of curing
 r - a potion of might {unknown}
 s - a potion of cancellation {unknown}
 A - a potion of flight {unknown}


   Skills:
 + Level 3.6 Fighting
 + Level 4.9 Axes
 + Level 2.4 Armour
 + Level 2.5 Dodging
 + Level 0.8 Stealth
 + Level 0.8 Shields


You had 5 spell levels left.
You didn't know any spells.
Your spell library was empty.

Dungeon Overview and Level Annotations

Branches:
Dungeon (4/15)
 Temple: D:4-7

Altars:

Shops:
D:2 *(

Annotations:
D:4 Pikel


Innate Abilities, Weirdness & Mutations

You have extremely sharp teeth.
Your natural rate of healing is unusually fast.
When hurt, damage is shared between your health and your magic reserves.
Your bite disrupts and absorbs the magic of your enemies.
Potions cannot restore your health.


Message History

You open the door. You open the door.
There is an open door here.
A lemure comes into view.
The lemure shouts!
A red film seems to cover your vision as you go berserk!
You feel yourself moving faster!
You feel mighty!
Pikel, Merchant of Souls comes into view.
He is wielding a +0 whip of flaming.
A lemure comes into view.
You feel a strong urge to attack something.
Pikel shouts!
The lemure shouts!
A lemure comes into view.
The lemure shouts!
Pikel says, "You'll make a fine lemure."
You feel your anger nearly subside.
You are no longer berserk.
You are exhausted.
You feel yourself slow down. You block the lemure's attack.
Pikel hits you with a +0 whip of flaming!
Pikel burns you.
A lemure comes into view.
The lemure hits you.
Pikel hits you with a +0 whip of flaming!
Pikel burns you.
The lemure shouts!
You slash Pikel! Your bite misses Pikel.
Pikel is moderately wounded.
You hit the lemure. Lightning courses through the lemure!! You miss the lemure.
The lemure hits you!
* * * LOW HITPOINT WARNING * * *
Pikel hits you with a +0 whip of flaming.
* * * LOW HITPOINT WARNING * * *
Pikel burns you.
* * * LOW HITPOINT WARNING * * *
A giant cockroach comes into view.
The lemure misses you. The lemure hits you.
* * * LOW HITPOINT WARNING * * *
The lemure hits you but does no damage.
Pikel hits you with a +0 whip of flaming.
You die...

.....####..........#...
.....'..+..........#####
.....####.............
.....'............###
.....####.........#
.....# #######..##
###### #..# #5.# #5@#
#K5# #... #5### #.# #B.
##


You could see Pikel, 4 lemures and a giant cockroach (wandering).

Vanquished Creatures
  Grinder (D:4)
  An orc priest (D:3)
  4 gnolls (D:3)
  An adder (D:2)
  A worm (D:2)
  A dart slug (D:1)
  4 orcs (D:3)
  5 endoplasms
  7 goblins
  10 hobgoblins
  8 kobolds
  3 quokkas
  5 ball pythons
  5 bats
  6 frilled lizards
  6 rats
68 creatures vanquished.

Notes
Turn   | Place    | Note
-------+----------+-------------------------------------------
     0 | D:1      | croobank the Vine Stalker Berserker began the quest for the
                  | Orb.
     0 | D:1      | Reached XP level 1. HP: 11/11 MP: 2/2
   124 | D:1      | Reached XP level 2. HP: 14/16 MP: 1/3
   183 | D:1      | Reached skill level 3 in Axes
   534 | D:1      | Found a faded altar of an unknown god.
   994 | D:2      | Reached XP level 3. HP: 20/20 MP: 4/4
  1013 | D:2      | Found Palyniq's General Store.
  1190 | D:2      | Bought a scroll of identify for 26 gold pieces
  1234 | D:2      | Reached ** piety under Trog
  1550 | D:2      | Found Palu's Antique Weapon Shop.
  1876 | D:3      | Gained mutation: Your natural rate of healing is unusually
                  | fast. [Vine Stalker growth]
  1876 | D:3      | Reached XP level 4. HP: 24/24 MP: 5/5
  2282 | D:3      | Reached XP level 5. HP: 28/28 MP: 6/6
  2440 | D:3      | Reached skill level 4 in Axes
  2770 | D:4      | Reached *** piety under Trog
  2839 | D:4      | Noticed Grinder
  2842 | D:4      | Killed Grinder
  2843 | D:4      | Reached XP level 6. HP: 27/32 MP: 7/7
  2987 | D:4      | Noticed Pikel
  2992 | D:4      | HP: 1/32 [lemure[Pikel] (2)]
  2992 | D:4      | Slain by Pikel

Illustrated notes

Levels and vault maps discovered:
D:1:      lightli_arrival_statue_moat, layout_basic,
          ebering_ecumenical_altar_sacrificial
D:2:      layout_basic, serial_shops, shop_statue, nicolae_shop_stone
D:3:      wad_pebble_path, layout_loops_corners
D:4:      layout_basic, minmay_temple_entry_statues_pillars,
          grunt_ministairs_11, uniq_blork_the_orc, uniq_pikel, uniq_grinder,
          uniq_menkaure

Skill      XL: |  1  2  3  4  5 |
---------------+----------------+-----
Axes           | 3 4 |  4.9
Fighting       | 3 |  3.6
Dodging        | 2 |  2.5
Armour         | 2 |  2.4
Stealth        | |  0.8
Shields        | |  0.8

Action                   |  1- 3 |  4- 6 || total
-------------------------+-------+-------++-------
Melee: Hand axe          |   104 |    35 ||   139
       Bite              |    21 |    16 ||    37
       Punch             |     1 |       ||     1
       War axe           |       |    40 ||    40
Invok: Berserk           |       |     1 ||     1
  Use: Scroll            |     1 |     6 ||     7
Armor: Animal skin       |    12 |       ||    12
       Scale mail        |    20 |    34 ||    54
Dodge: Dodged            |    65 |    38 ||   103
Block: Buckler           |     8 |     8 ||    16
